 Dungeon Crawl Stone Soup version 0.22.1-5-g62c59d919a (webtiles) character file.

9 Riddle the Vexing (level 2, 0/14 HPs)
             Began as a Spriggan Arcane Marksman on Jan 14, 2019.
             Slain by a bat (1 damage)
             ... on level 1 of the Dungeon.
             The game lasted 00:02:01 (237 turns).

Riddle the Vexing (Spriggan Arcane Marksman)         Turns: 237, Time: 00:02:01

Health: 0/14       AC:  2    Str:  6    XL:     2   Next: 6%
Magic:  5/5        EV: 24    Int: 14    God:
Gold:   8          SH:  0    Dex: 21    Spells: 3/4 levels left

rFire    . . .     SeeInvis +   b - +0 dagger
rCold    . . .     Gourm    .   (shield restricted)
rNeg     . . .     Faith    .   e - +0 robe
rPois    .         Spirit   .   (helmet restricted)
rElec    .         Reflect  .   (no cloak)
rCorr    .         Harm     .   (gloves unavailable)
MR       .....                  (boots unavailable)
Stlth    +++.......             (no amulet)
HPRegen  0.04/turn              (no ring)
MPRegen  0.09/turn              (no ring)

@: agile, very quick
A: very small, unfitting armour, see invisible, herbivore, speed 3, slow
metabolism 2
a: no special abilities


You were on level 1 of the Dungeon.
You were not hungry.

You visited 1 branch of the dungeon, and saw 1 of its levels.

You collected 8 gold pieces.

Inventory:

Hand Weapons
 a - a +0 shortbow
 b - a +0 dagger (weapon)
Missiles
 d - 44 arrows
Armour
 e - a +0 robe (worn)
Jewellery
 j - an uncursed ring of protection from cold {unknown}
Scrolls
 c - a scroll of enchant armour {unknown}
 g - a scroll of identify {unknown}
 i - a scroll of magic mapping {unknown}
Comestibles
 f - 2 rations


   Skills:
 - Level 1.0 Fighting
 + Level 2.6 Bows
 - Level 3.0 Dodging
 + Level 1.0 Stealth
 + Level 1.7 Spellcasting
 + Level 3.8 Hexes


You had 3 spell levels left.
You knew the following spells:

 Your Spells              Type           Power        Failure   Level  Hunger
a - Corona                Hex            ##.....      4%          1    ##.....

Your spell library contained the following spells:

 Spells                   Type           Power        Failure   Level  Hunger
 Slow                     Hex            ##......     8%          2    ###....
 Inner Flame              Hex/Fire       #.......     32%         3    ####...
 Portal Projectile        Hex/Tloc       #.....       32%         3    ####...
 Cause Fear               Hex            ##........   45%         4    #####..
 Leda's Liquefaction      Hex/Erth       #.........   73%         4    #####..


Dungeon Overview and Level Annotations

Branches:
Dungeon (1/15)

Altars:


Innate Abilities, Weirdness & Mutations

You are very small and have problems with some larger weapons.
You are too small for most types of armour.
You have supernaturally acute eyesight. (SInv)
You are a herbivore.
You cover ground extremely quickly.
You need to consume almost no food.


Message History

You hit the bat.
The bat is severely wounded.
The bat hits you but does no damage. The bat misses you.
The rat barely misses you.
You closely miss the bat.
The bat is severely wounded.
The bat completely misses you.
The bat misses you. x2; The rat misses you.
You barely miss the bat.
The bat is severely wounded.
The bat completely misses you. x2; The hobgoblin closely misses you.
The rat misses you.
You closely miss the hobgoblin.
The hobgoblin is heavily wounded.
The bat completely misses you. The hobgoblin closely misses you.
The rat completely misses you.
You hit the hobgoblin.
You kill the hobgoblin!
The bat completely misses you. The bat closely misses you. The rat misses you.
The bat misses you. The bat hits you.
You die...

##.............
...
##...#.........
###........#..
###........
#......###
#.........
#..b...##
#..bJ..#
##r#@#.#
#..b### #####


You could see an ooze and 3 bats.

Vanquished Creatures
  2 bats (D:1)
  2 goblins (D:1)
  2 hobgoblins (D:1)
  A frilled lizard (D:1)
  2 kobolds (D:1)
9 creatures vanquished.

Notes
Turn   | Place    | Note
-------+----------+-------------------------------------------
     0 | D:1      | Riddle the Spriggan Arcane Marksman began the quest for the
                  | Orb.
     0 | D:1      | Reached XP level 1. HP: 9/9 MP: 3/3
    94 | D:1      | Reached skill level 1 in Fighting
   139 | D:1      | Reached skill level 1 in Stealth
   159 | D:1      | Reached XP level 2. HP: 6/14 MP: 3/5
   237 | D:1      | Slain by a bat

Skill      XL: |  1 |
---------------+----+-----
Fighting       | 1 |  1.0
Stealth        | 1 |  1.0
Bows           | |  2.6
Dodging        | |  3.0
Spellcasting   | |  1.7
Hexes          | |  3.8

Action                   || total
-------------------------++-------
Melee: Dagger            ||    27
 Fire: Shortbow          ||    17
 Cast: Corona            ||     3
  Use: Potion            ||     1
Armor: Robe              ||    16
Dodge: Dodged            ||   111
